 Dungeon Crawl Stone Soup version 0.20.1-1-g8b1a95d (webtiles) character file.

2046 Haldmier the Reanimator (level 9, -3/69 HPs)
             Began as a Mummy Necromancer on Oct 11, 2017.
             Was an Initiate of Gozag.
             Shot with a sling bullet by Joseph (14 damage)
             ... on level 7 of the Dungeon.
             The game lasted 00:38:25 (8603 turns).

Haldmier the Reanimator (Mummy Necromancer)         Turns: 8603, Time: 00:38:26

Health: -3/69      AC: 10    Str: 11    XL:     9   Next: 4%
Magic:  8/15       EV: 14    Int: 17    God:    Gozag
Gold:   972        SH:  0    Dex: 13    Spells: 3/16 levels left

rFire    . . .     SeeInvis .   l - +2 hand axe (elec)
rCold    . . .     Gourm    .   (no shield)
rNeg     + + +     Faith    .   x - +2 leather armour {rPois}
rPois    ∞         Spirit   .   (no helmet)
rElec    .         Reflect  .   (no cloak)
rCorr    .         Harm     .   (no gloves)
MR       +....                  o - +0 pair of boots
Stlth    ++........             (no amulet)
Regen    0.3/turn               n - +4 ring of protection
MPRegen  0.2/turn               s - ring of fire

@: no status effects
A: no food or potions, fire vulnerability, cold resistance 1, negative energy
resistance 3, torment resistance, unbreathing
a: Potion Petition, Call Merchant, Bribe Branch, Renounce Religion


You were on level 7 of the Dungeon.
You worshipped Gozag.
Gozag was pleased with you.
You were not hungry.

You visited 2 branches of the dungeon, and saw 9 of its levels.
You also visited: Ossuary.

You collected 987 gold pieces.
You paid 15 gold pieces to Gozag.

Inventory:

Hand Weapons
 d - a +0 spear
 e - a +0 short sword
 l - a +2 hand axe of electrocution (weapon)
 m - a +0 whip of venom
 w - a +0 rapier
Missiles
 h - 227 stones (quivered)
 u - a throwing net
Armour
 o - a +0 pair of boots (worn)
 x - a +2 leather armour of poison resistance (worn)
Magical Staves
 a - an uncursed staff of power
Jewellery
 n - a +4 ring of protection (left hand)
 s - a ring of fire (right hand)
Scrolls
 c - 2 scrolls of blinking {unknown}
 f - 6 scrolls of teleportation
 g - a scroll of remove curse
 i - 9 scrolls of identify
 j - a scroll of fear {unknown}
 k - 2 scrolls of fog {unknown}
 p - a scroll of recharging {unknown}
 q - a scroll of torment {unknown}
 r - 2 scrolls of immolation {unknown}
 v - 2 scrolls of random uselessness {unknown}
 y - a scroll of enchant armour {unknown}
 z - a scroll of noise {unknown}
Books
 b - a book of Necromancy

   Spells                             Type                      Level
   a - Pain                           Necromancy                   1
   b - Animate Skeleton               Necromancy                   1
   c - Vampiric Draining              Necromancy                   3
   d - Regeneration                   Charms/Necromancy            3
   e - Animate Dead                   Necromancy                   4
   f - Control Undead                 Necromancy                   4
 t - a book of Misfortune

   Spells                             Type                      Level
   a - Confusing Touch                Hexes                        1
   b - Confuse                        Hexes                        3
   c - Gell's Gravitas                Translocation                3
   d - Petrify                        Transmutation/Earth          4
   e - Metabolic Englaciation         Hexes/Ice                    5
   f - Yara's Violent Unravelling     Hexes/Transmutation          5


   Skills:
 + Level 6.2 Fighting
 + Level 5.8 Dodging
 - Level 1.5 Stealth
 - Level 4.0 Spellcasting
 - Level 8.0 Necromancy


You had 3 spell levels left.
You knew the following spells:

 Your Spells              Type           Power        Failure   Level  Hunger
a - Pain                  Necr           ####         1%          1    N/A
b - Animate Skeleton      Necr           N/A          1%          1    N/A
c - Vampiric Draining     Necr           ####......   2%          3    N/A
d - Animate Dead          Necr           N/A          8%          4    N/A
e - Control Undead        Necr           ####......   8%          4    N/A

Dungeon Overview and Level Annotations

Branches:
Dungeon (8/15)             Temple (1/1) D:7
   Lair: D:8-11

Altars:
Ashenzari
Cheibriados
Dithmenos
Elyvilon
Gozag
Hepliaklqana
Kikubaaqudgha
Makhleb
Nemelex Xobeh
Okawaru
Ru
Sif Muna
Trog
Uskayaw
Vehumet
Yredelemnul
Zin
The Shining One

Shops:
D:4 (   D:5 %

Annotations:
D:4 Menkaure
D:7 Joseph
D:8 matthes123's ghost, novice MfGl


Innate Abilities, Weirdness & Mutations

You do not eat or drink.
Your flesh is vulnerable to fire.
You are immune to poison.
Your flesh is cold resistant. (rC+)
You are immune to negative energy. (rN+++)
You are immune to unholy pain and torment.
You can survive without breathing.


Message History

The sling bullet hits you! The sling bullet burns you.
Casting: Pain
Confirm with . or Enter, or press ? or * to list all spells.
Aiming: Pain
Press: ? - help, Shift-Dir - straight line, f/p - Joseph
Aim: Joseph, wielding a hunting sling of flaming and wearing a glowing leather armour (heavily wounded, chance to defeat MR: 71%) Joseph writhes in agony!
Joseph shouts, "Wow!"
Joseph shoots a sling bullet.
The sling bullet hits you!!
* * * LOW HITPOINT WARNING * * *
The sling bullet burns you.
* * * LOW HITPOINT WARNING * * *
Joseph shoots a sling bullet.
The sling bullet hits you.
* * * LOW HITPOINT WARNING * * *
The sling bullet burns you.
* * * LOW HITPOINT WARNING * * *
You see here a sling bullet.
Joseph shoots a sling bullet.
The sling bullet hits you!
You die...
Your body crumbles into a pile of gold.

##.#.....#..............
##......#.###.#.###.###
#....#.....##.#.# #.#
##..#.!.##....#..# #.#
#......####.##.### #.#
#......# ##.##.# #.#
#......###.....#####.#
#.......##..###...##.#
#.....#@##..# #......#
##..##.(##..# #...####
#.@##.###..# ##.##
#..##.###..## #.#
#..##.#.....# #.#
#..(@.......###.#######
##.#........)).........
#.........>###.#######
###........# #.# #


You could see Joseph.

Vanquished Creatures
  Grinder (D:3)
  Eustachio (D:4)
  2 ogres
  A black bear (D:7)
  3 centaurs
  A bullfrog (D:7)
  A wyvern zombie (D:7)
  A gnoll sergeant (D:5)
  A scorpion (D:7)
  A jelly (D:5)
  7 hounds
  A centaur skeleton (D:6)
  4 orc priests
  3 orc wizards
  An iguana (D:3)
  A worker ant (D:4)
  A killer bee zombie (D:7)
  2 big kobold zombies (Ossuary)
  3 hound skeletons
  6 mummies
  11 gnolls
  5 adders
  A shadow imp (D:6)
  2 oozes
  An adder skeleton (D:5)
  2 worms
  3 dart slugs
  6 leopard geckos
  16 orcs
  8 giant cockroaches
  8 goblins
  7 hobgoblins
  8 jackals
  3 quokkas
  2 ball pythons
  9 bats
  4 frilled lizards
  11 kobolds
  A leopard gecko skeleton (D:8)
  5 rats
155 creatures vanquished.

Vanquished Creatures (collateral kills)
  2 centaur zombies (Ossuary)
  A worm (D:3)
  A giant cockroach (D:2)
  A goblin (D:1)
  3 jackals
  A kobold (D:1)
  A bat (D:1)
10 creatures vanquished.

Grand Total: 165 creatures vanquished

Notes
Turn   | Place    | Note
-------+----------+-------------------------------------------
     0 | D:1      | Haldmier the Mummy Necromancer began the quest for the Orb.
     0 | D:1      | Reached XP level 1. HP: 13/13 MP: 4/4
     2 | D:1      | Learned a level 1 spell: Animate Skeleton
   206 | D:1      | You fall through a shaft!
   208 | D:2      | Reached XP level 2. HP: 19/19 MP: 0/6
   860 | D:1      | Reached XP level 3. HP: 24/24 MP: 2/7
  1733 | D:2      | Learned a level 3 spell: Vampiric Draining
  1958 | D:1      | Noticed a scorpion
  2196 | D:2      | Reached XP level 4. HP: 30/30 MP: 6/9
  2218 | D:2      | Learned a level 4 spell: Animate Dead
  2812 | D:3      | Found an ancient bone altar of Kikubaaqudgha.
  2814 | D:3      | Found a deep blue altar of Sif Muna.
  2814 | D:3      | Found a bloodstained altar of Trog.
  2814 | D:3      | Found an opulent altar of Gozag.
  2846 | D:3      | Reached skill level 5 in Necromancy
  2858 | D:3      | Became a worshipper of Gozag Ym Sagoz the Greedy
  3145 | D:3      | Reached XP level 5. HP: 36/36 MP: 7/10
  3354 | D:2      | Found a shattered altar of Ashenzari.
  3425 | D:3      | Reached skill level 1 in Fighting
  3519 | D:3      | Noticed Grinder
  3530 | D:3      | Paralysed by Grinder for 5 turns
  3548 | D:3      | Killed Grinder
  3548 | D:3      | Reached XP level 6. HP: 26/44 MP: 10/12
  3913 | D:4      | Found a shadowy altar of Dithmenos.
  3920 | D:4      | Noticed Menkaure
  3994 | D:4      | Found Wemut's Weapon Shoppe.
  4001 | D:4      | Reached skill level 6 in Necromancy
  4140 | D:4      | Reached XP level 7. HP: 36/51 MP: 1/13
  4187 | D:4      | Found a sand-covered staircase.
  4194 | D:4      | Learned a level 4 spell: Control Undead
  4226 | Ossuary  | Entered an ossuary
  4714 | D:4      | Noticed Eustachio
  4725 | D:4      | Killed Eustachio
  4731 | D:4      | Found a sacrificial altar of Ru.
  4899 | D:4      | Reached skill level 7 in Necromancy
  5080 | D:5      | Entered Level 5 of the Dungeon
  5361 | D:5      | Reached XP level 8. HP: 58/60 MP: 14/14
  5702 | D:5      | Found Pioxang's Food Emporium.
  7059 | D:6      | Reached skill level 8 in Necromancy
  7395 | D:7      | Reached skill level 5 in Fighting
  7403 | D:7      | Reached skill level 5 in Dodging
  7851 | D:7      | Found a staircase to the Ecumenical Temple.
  7860 | Temple   | Entered the Ecumenical Temple
  8118 | D:7      | Found an iron altar of Okawaru.
  8228 | D:7      | Noticed Joseph
  8399 | D:8      | Reached XP level 9. HP: 43/69 MP: 11/15
  8464 | D:8      | Noticed matthes123's ghost (novice MfGl)
  8603 | D:7      | Shot with a sling bullet by Joseph

Skill      XL: |  1  2  3  4  5  6  7  8 |
---------------+-------------------------+-----
Spellcasting   | 3 4 |  4.0
Dodging        | 2 3 4 5 |  5.8
Necromancy     | 5 6 7 8 |  8.0
Fighting       | 2 3 6 |  6.2
Stealth        | |  1.5

Action                   |  1- 3 |  4- 6 |  7- 9 || total
-------------------------+-------+-------+-------++-------
Melee: Spear             |    23 |     7 |       ||    30
       Whip              |       |    66 |   195 ||   261
       Hand axe          |       |       |    87 ||    87
 Cast: Pain              |    84 |    87 |    67 ||   238
       Animate Skeleton  |    22 |    10 |       ||    32
       Vampiric Draining |       |     4 |    18 ||    22
       Control Undead    |       |       |     4 ||     4
Invok: Potion Petition   |       |       |     1 ||     1
  Use: Scroll            |       |     2 |     1 ||     3
 Stab: Sleeping          |     1 |       |     2 ||     3
Armor: Robe              |    10 |    24 |    11 ||    45
       Leather armour    |       |       |    81 ||    81
Dodge: Dodged            |    43 |    53 |   196 ||   292
